 Dungeon Crawl Stone Soup version 0.28-a0-1510-gd0f6b136d3 (webtiles) character file.

Game seed: 14830842727548612668

43 croobank the Caller (level 3, 0/21 HPs)
             Began as an Octopode Summoner on Jan 15, 2022.
             Slain by a hobgoblin (3 damage)
             ... on level 2 of the Dungeon.
             The game lasted 00:05:07 (1134 turns).

croobank the Caller (Octopode Summoner)             Turns: 1134, Time: 00:05:07

Health: 0/21       AC:  1    Str:  9    XL:     3   Next: 58%
Magic:  6/6        EV: 13    Int: 17    God:
Gold:   65         SH:  0    Dex: 12    Spells: 5/6 levels left

rFire   . . .      SeeInvis .   k - +0 hand axe
rCold   . . .      Faith    .   (no shield)
rNeg    . . .      Spirit   .   (helmet restricted)
rPois   .          Reflect  .   (no amulet)
rElec   .          Harm     .   (no ring)
rCorr   .          Rampage  .   (no ring)
Will    .....                   (no ring)
Stlth   +++.......              (no ring)
HPRegen 0.07/turn               (no ring)
MPRegen 0.10/turn               (no ring)
                                (no ring)
                                (no ring)

@: no status effects
A: almost no armour, amphibious, 8 rings, camouflage 1, gelatinous body 1,
(nimble swimmer 1), tentacles
a: no special abilities


You were on level 2 of the Dungeon.
You visited 1 branch of the dungeon, and saw 2 of its levels.

You collected 65 gold pieces.

Inventory:

Hand Weapons
 a - a +0 short sword
 b - a +1 vorpal hunting sling
 e - a +0 broad axe
 f - a +0 hunting sling
 i - a +0 war axe
 k - a +0 hand axe (weapon)
Missiles
 d - 2 boomerangs of dispersal (quivered)
 j - 2 throwing nets
Scrolls
 g - a scroll of magic mapping {unknown}
Potions
 c - a potion of flight
 h - 2 potions of magic {unknown}


   Skills:
 * Level 0.0 Axes
 + Level 1.0 Slings
 + Level 2.4 Dodging
 + Level 3.5 Stealth
 + Level 2.3 Spellcasting
 + Level 4.2 Summonings


You had 5 spell levels left.
You knew the following spells:

 Your Spells              Type           Power      Damage    Failure   Level
a - Summon Small Mammal   Summ           64%        N/A       3%          1

Your spell library contained the following spells:

 Spells                   Type           Power      Damage    Failure   Level
 Call Imp                 Summ           16%        N/A       4%          2
 Call Canine Familiar     Summ           16%        N/A       10%         3
 Summon Guardian Golem    Hex/Summ       9%         N/A       24%         3
 Summon Lightning Spire   Summ/Air       9%         N/A       61%         4


Dungeon Overview and Level Annotations

Branches:
Dungeon (2/15)

Altars:


Innate Abilities, Weirdness & Mutations

You cannot wear most types of armour.
You are amphibious.
You can wear up to eight rings at the same time.
Your skin changes colour to match your surroundings (Stealth+).
Your rubbery body absorbs attacks. (AC +1, EV +1)
((You are camouflaged when in or above water. (Stealth+)))
You have tentacles for arms and can constrict up to eight enemies at once.


Message History

You kill the goblin!
Your Slings skill increases to level 1!
You see here a +0 club.
j - 2 throwing nets
Found a hand axe.
You see here a +0 hand axe.
k - a +0 hand axe
k - a +0 hand axe (weapon)
A frilled lizard comes into view.
A hobgoblin comes into view.
It is wielding a +1 dagger of protection.
The helpless frilled lizard fails to defend itself.
You hit the frilled lizard.
The hobgoblin shouts!
Your grab misses the frilled lizard.
The frilled lizard is heavily wounded.
The frilled lizard bites you.
You closely miss the frilled lizard. Your grab misses the frilled lizard.
Your squeeze misses the frilled lizard.
The frilled lizard is heavily wounded.
The frilled lizard closely misses you.
You completely miss the frilled lizard. Your grab misses the frilled lizard.
Your squeeze misses the frilled lizard.
The frilled lizard is heavily wounded.
The frilled lizard completely misses you.
The frilled lizard bites you.
You miss the frilled lizard. Your grab misses the frilled lizard.
The frilled lizard is heavily wounded.
The frilled lizard bites you.
The hobgoblin hits you with a +1 dagger of protection.
You hit the frilled lizard.
You kill the frilled lizard!
You closely miss the hobgoblin.
The hobgoblin hits you with a +1 dagger of protection!
* * * LOW HITPOINT WARNING * * *
A rat comes into view.
The hobgoblin barely misses you.
You see here a frilled lizard corpse.
A frilled lizard comes into view.
The hobgoblin hits you with a +1 dagger of protection.
You die...

#.# #.# #..# #.
#.# ###..# # #.#
#....# ## ####.#
#.#..# ........#
#.#..#
#..##..###.#..#
............#
###.###..###.#.##
.l.r...@†......#
.######.g###.###
#..# #.# #..# #.#
#..# #.# ...# #.#
....# #.# #####
.#


You could see a hobgoblin, a frilled lizard (wandering) and a rat (wandering).

Vanquished Creatures
  3 dart slugs (D:1)
  3 endoplasms
  A giant cockroach (D:2)
  2 goblins
  3 hobgoblins (D:1)
  2 kobolds (D:1)
  2 quokkas (D:1)
  A ball python (D:2)
  4 bats (D:1)
  A frilled lizard (D:2)
  5 rats (D:1)
27 creatures vanquished.

Vanquished Creatures (collateral kills)
  A ball python (D:1)
  A hobgoblin (D:1)
  A kobold (D:1)
  2 bats (D:1)
  2 frilled lizards (D:1)
  A rat (D:1)
8 creatures vanquished.

Vanquished Creatures (others)
  A plant (D:1)
1 creature vanquished.

Grand Total: 36 creatures vanquished

Notes
Turn   | Place    | Note
-------+----------+-------------------------------------------
     0 | D:1      | croobank the Octopode Summoner began the quest for the Orb.
     0 | D:1      | Reached XP level 1. HP: 11/11 MP: 3/3
   113 | D:1      | Reached XP level 2. HP: 17/17 MP: 0/5
   397 | D:1      | Reached XP level 3. HP: 7/21 MP: 6/6
   727 | D:1      | Found a faded altar of an unknown god.
  1038 | D:2      | Reached skill level 1 in Slings
  1134 | D:2      | Slain by a hobgoblin

Illustrated notes

Levels and vault maps discovered:
D:1:      dpeg_arrival_triangle_fractal, layout_rooms,
          dreamdust_ecumenical_altar_grove
D:2:      layout_loops_ring, basic_altar, minmay_cupped, uniq_sigmund

Skill      XL: |  1  2  3 |
---------------+----------+-----
Stealth        | 3 |  3.5
Slings         | 1 |  1.0
Dodging        | |  2.4
Spellcasting   | |  2.3
Summonings     | |  4.2

Action                   || total
-------------------------++-------
Melee: Unarmed           ||    25
       Constrict         ||    17
       Tentacles         ||    15
       Punch             ||     2
       Short sword       ||    32
       Hand axe          ||     5
Throw: Boomerang         ||     2
 Cast: Summon Small Mamm ||    14
  Use: Potion            ||     2
 Stab: Sleeping          ||     7
Armor: Skin              ||    16
Dodge: Dodged            ||    52

Table legend: (Time is in decaauts)
 A = Elapsed time spent in this place.
 B = Non-inter-level travel time spent in this place.
 C = Inter-level travel time spent in this place.
 D = Time resting spent in this place.
 E = Time spent auto-exploring this place.
 F = Levels seen in this place.
 G = Mean time per level.
                   A        B        C        D        E       F      G
               +--------+--------+--------+--------+--------+-----+--------+
         Total |   1137 |   1123 |     14 |    383 |    456 |   2 |  568.5 |
       Dungeon |   1137 |   1123 |     14 |    383 |    456 |   2 |  568.5 |
               +--------+--------+--------+--------+--------+-----+--------+

Top non-repeatable levels by time:
     D:1: 931 daAuts
     D:2: 205 daAuts
